 Dungeon Crawl Stone Soup version 0.26-a0-812-g31a745ddcd (webtiles) character file.

Game seed: 3163789814953570167

3 Dracia the Vexing (level 1, -1/15 HPs)
             Began as a Demonspawn Arcane Marksman on Dec 3, 2020.
             Slain by a kobold
             ... wielding a +0 short sword
              (4 damage)
             ... on level 1 of the Dungeon.
             The game lasted 00:00:38 (317 turns).

Dracia the Vexing (Demonspawn Arcane Marksman)       Turns: 317, Time: 00:00:39

Health: -1/15      AC:  2    Str: 10    XL:     1   Next: 41%
Magic:  2/2        EV: 12    Int: 14    God:
Gold:   41         SH:  0    Dex: 13    Spells: 1/2 levels left

rFire    . . .     SeeInvis .   b - +0 dagger
rCold    . . .     Faith    .   (no shield)
rNeg     . . .     Spirit   .   e - +0 robe
rPois    .         Reflect  .   (no helmet)
rElec    .         Harm     .   (no cloak)
rCorr    .         Rampage  .   (no gloves)
MR       .....                  (no boots)
Stlth    +.........             (no amulet)
HPRegen  0.05/turn              (no ring)
MPRegen  0.08/turn              (no ring)

@: no status effects
A: no striking features
a: no special abilities


You were on level 1 of the Dungeon.
You visited 1 branch of the dungeon, and saw 1 of its levels.

You collected 41 gold pieces.


   Skills:
 - Level 1.0 Fighting
 * Level 2.0 Crossbows
 - Level 1.7 Dodging
 - Level 1.0 Spellcasting
 + Level 3.0 Hexes


You had one spell level left.
You knew the following spells:

 Your Spells              Type           Power        Failure   Level
a - Corona                Hex            #......      8%          1

Your spell library contained the following spells:

 Spells                   Type           Power        Failure   Level
 Slow                     Hex            #.......     11%         2
 Inner Flame              Hex/Fire       #.......     38%         3
 Portal Projectile        Hex/Tloc       #.....       38%         3
 Cause Fear               Hex            #.........   58%         4
 Leda's Liquefaction      Hex/Erth       #.........   80%         4

Inventory:

Hand Weapons
 a - a +0 hand crossbow
 b - a +0 dagger (weapon)
Missiles
 d - 20 bolts
 h - 5 silver boomerangs (quivered)
Armour
 e - a +0 robe (worn)
Potions
 c - a potion of curing {unknown}
 f - a potion of degeneration {unknown}
 g - a potion of mutation {unknown}

Dungeon Overview and Level Annotations

Branches:
Dungeon (1/15)

Altars:

.# .#.# .... .# .#
######## .... ..#... #
#.. ######.#.###.## #
#..............
#.....@..K####
##....bbK.....#
..............# ##
...........#..# .#.
...........#..# ##.#
.....(.....#..# ##.###
...........#..# ##...#
#######.......#
##...#############.###.#


You could see 2 bats and 2 kobolds.


Message History

Unknown command.
The bat hits you.
The kobold throws a stone.
The stone hits you but does no damage.
You hit the bat but do no damage. The bat barely misses you. The bat hits you.
The bat barely misses you.
You see here a stone.
You barely miss the bat. The bat closely misses you.
You closely miss the bat. The bat hits you but does no damage.
The bat misses you.
A kobold comes into view. It is wielding a +0 dagger.
You miss the bat. The bat hits you but does no damage. The bat hits you.
The bat barely misses you. The kobold completely misses you.
You closely miss the bat. The bat closely misses you.
The bat hits you but does no damage. The kobold completely misses you.
The kobold shouts!
You hit the kobold.
The kobold is moderately wounded.
The bat misses you. The bat barely misses you. The kobold misses you.
You hit the bat but do no damage. The bat misses you. The bat hits you.
The kobold hits you with a +0 short sword.
You hit the kobold but do no damage. The bat misses you. The bat hits you.
The kobold hits you with a +0 short sword.
* * * LOW HITPOINT WARNING * * *
You are too injured to fight recklessly!
You are too injured to fight recklessly!
Unknown command.
The bat misses you.
The kobold hits you with a +0 short sword.
You die...

Skill      XL: |  1 |
---------------+----+-----
Crossbows      | 2 |  2.0
Fighting       | |  1.0
Dodging        | |  1.7
Spellcasting   | |  1.0
Hexes          | |  3.0

Action                   || total
-------------------------++-------
Melee: Dagger            ||    16
 Fire: Hand crossbow     ||     1
Armor: Robe              ||     4
Dodge: Dodged            ||    21

Levels and vault maps discovered:
D:1:      tarquinn_simple_flora_water_e, layout_basic, minmay_misc_feat_cross,
          nemelex_altar_shiori

Notes
Turn   | Place    | Note
-------+----------+-------------------------------------------
     0 | D:1      | Dracia the Demonspawn Arcane Marksman began the quest for
                  | the Orb.
     0 | D:1      | Reached XP level 1. HP: 15/15 MP: 2/2
    93 | D:1      | Reached skill level 2 in Crossbows
   317 | D:1      | Slain by a kobold

Vanquished Creatures
  A hobgoblin (D:1)
  A kobold (D:1)
  A rat (D:1)
3 creatures vanquished.

Table legend: (Time is in decaauts)
 A = Elapsed time spent in this place.
 B = Non-inter-level travel time spent in this place.
 C = Inter-level travel time spent in this place.
 D = Time resting spent in this place.
 E = Time spent auto-exploring this place.
 F = Levels seen in this place.
 G = Mean time per level.
                   A        B        C        D        E       F      G
               +--------+--------+--------+--------+--------+-----+--------+
         Total |    316 |    316 |      0 |      0 |    259 |   1 |  316.0 |
       Dungeon |    316 |    316 |      0 |      0 |    259 |   1 |  316.0 |
               +--------+--------+--------+--------+--------+-----+--------+

Top non-repeatable levels by time:
     D:1: 316 daAuts

Table legend:
 A = Non-vault XP
 B = Vault XP
 C = Vault XP percentage of total XP
 D = Non-vault monster count
 E = Vault monster count
 F = Vault count percentage of total count
                 A         B        C        D         E       F
            +---------+---------+-------+---------+---------+-------
      Total |       5 |       0 |   0.0 |       3 |       0 |   0.0
            +---------+---------+-------+---------+---------+-------
        D:1 |       5 |       0 |   0.0 |       3 |       0 |   0.0
            +---------+---------+-------+---------+---------+-------
